[Event "Campeonato de Aragón Individual Absoluto 2022"]
[Site "Zaragoza, Spain"]
[Date "2022.08.27"]
[Round "1.1"]
[White "Atares Buisan, Sergio"]
[Black "Garza Marco, Sergio"]
[Result "0-1"]
[TimeControl "90 min + 30 sg"]
[WhiteElo "1545"]
[BlackElo "2408"]

1. e4 c5 2. Nf3 a6 3. c4 e6 4. d4 cxd4 5. Nxd4 Nf6 6. Nc3 Qc7 7. Be2 Bb4 8. Qd3 O-O 9. O-O d6 10. Be3 Nbd7 11. Qc2 Bxc3 12. bxc3 Ne5 13. Bg5 Nfd7 14. f4 Nc6 15. Kh1 Nc5 16. f5 f6 17. Bh4 Bd7 18. Bg4 Ne5 19. Bh3 Rae8 20. Qe2 exf5 21.
exf5 Re7 22. Rf4 Ng6 23. Qf3 Nxf4 24. Qxf4 Rfe8 25. g4 Ne4 26. Bg2 Qxc4 27. Bxe4 Rxe4 28. Qxd6 Qxc3 29. Rd1 Rxd4 30.
Qxd4 Bc6+ 31. Kg1 Qf3 32. Qc4+ Kh8 0-1

[Event "Campeonato de Aragón Individual Absoluto 2022"]
[Site "Zaragoza, Spain"]
[Date "2022.08.27"]
[Round "1.2"]
[White "Glavina, Pablo"]
[Black "Lorente Aguar, Ruben"]
[Result "1-0"]
[TimeControl "90 min + 30 sg"]
[WhiteElo "2394"]
[BlackElo "1523"]

1. e4 e5 2. Bc4 Nf6 3. d3 d6 4. Nc3 Nc6 5. f4 exf4 6. Bxf4 h6 7. Nf3 Bd7 8. a3 g5 9. Bg3 Bg7 10. Qd2 Qe7 11. O-O-O Ne5 12. Nxe5 dxe5 13. Rdf1 c6 14.
Nd1 Be6 15. Ne3 Bxc4 16. Nxc4 Nh5 17. Ne3 Nxg3 18. hxg3 Qe6 19. Kb1 O-O-O 20. Rf5 Rd7 21. Rhf1 Rf8 22. Qe2 b5 23. Ng4 Kb8 24.
Qe3 Qd6 25. Qd2 Kb7 26. Qb4 Qxb4 27. axb4 Re7 28. Ne3 Rd7 29. R5f2 a6 30. Rh1 Rh8 31. Rf5 Re7 32. c3 Kb6 33.
Kc2 a5 34. bxa5+ Kxa5 35. Rhf1 Rf8 36. R5f3 Rd7 37. Nf5 Rg8 38. Nxg7 Rxg7 39. Rf6 Kb6 40. R1f5 Re7 41. Rxh6 Kc7 42.
Rff6 Kb7 43. Rxc6 1-0

[Event "Campeonato de Aragón Individual Absoluto 2022"]
[Site "Zaragoza, Spain"]
[Date "2022.08.27"]
[Round "1.3"]
[White "Lorente Melcon, Hector"]
[Black "Quintin Navarro, Alberto"]
[Result "0-1"]
[TimeControl "90 min + 30 sg"]
[WhiteElo "1522"]
[BlackElo "2372"]

1. e4 c5 2. Nf3 g6 3. c3 d5 4. exd5 Qxd5 5. Na3 Bg7 6. Bc4 Qd8 7. O-O Nf6 8. Nc2 O-O 9. d4 Qc7 10. Bb3 Bg4 11. h3 Bd7 12. Re1 c4 13. Rxe7 cxb3 14. axb3 Nd5 15. Re2 b5 16. Ne3 Bc6 17. Nxd5 Bxd5 18. Qd3 Bxb3 19. Qe4 Qc6 20. Qe7 Nd7 21. Qb4 Bd5 22. Ne1 a5 23. Qe7 Bf6 24. Qe3 Nb6 25.
f3 Rae8 26. Qf2 Bc4 27. Rxe8 Rxe8 28. Rxa5 Re2 29. Qg3 Qe8 0-1

[Event "Campeonato de Aragón Individual Absoluto 2022"]
[Site "Zaragoza, Spain"]
[Date "2022.08.27"]
[Round "1.4"]
[White "Vela Frago, Alberto"]
[Black "Fuentes Garces, Pedro Jon"]
[Result "1-0"]
[TimeControl "90 min + 30 sg"]
[WhiteElo "2232"]
[BlackElo "1488"]

1. c4 e5 2. Nc3 Nf6 3. g3 Bb4 4. Qc2 O-O 5. a3 Bxc3 6. Qxc3
Re8 7. Bg2 c6 8. d3 h6 9. e4 d5 10. Ne2 Be6 11. O-O Nbd7 12. h3 dxc4 13. dxc4 Nc5 14. f3 Qd3 15. Qxd3 Nxd3 16. b3 b5 17. cxb5 cxb5 18. b4 Nxc1 19. Raxc1 Bc4 20. Kf2 a5 21. Rfd1 axb4 22. axb4 Ra2 23. Bf1 Rea8 24. g4 Rb2 25. Rb1 Raa2 26. Rxb2 Rxb2 27. Ke3 Rb3+ 28. Kf2 Rxb4 29. Nc1 Kf8 30. Bxc4 bxc4 31. Rd2 Ke7 32. Na2 Rb6 33. Rc2 Kd6 34. Nc3 Rb3 35. Na4 Rb4 36. Nb2 c3 37. Nd1 Rc4 38. Ne3 Rb4 39. Nf5+ Kd7 40. Rxc3 Rxe4 41. Rd3+ Rd4 42. Nxd4 exd4 43. Rxd4+ Ke6 44. Ra4 Nd5 45. Kg3 f5 46. Ra6+ Ke5 47. Rg6 fxg4 48. hxg4 1-0

[Event "Campeonato de Aragón Individual Absoluto 2022"]
[Site "Zaragoza, Spain"]
[Date "2022.08.27"]
[Round "1.5"]
[White "Jario Dominguez, Diego"]
[Black "Ereza Vizcarra, Fernando"]
[Result "0-1"]
[TimeControl "90 min + 30 sg"]
[WhiteElo "1479"]
[BlackElo "2132"]

1. e4 c5 2. c3 g6 3. d4 cxd4 4. cxd4 d5 5. e5 Nh6 6. Nf3 Bg7 7. Nc3 O-O 8. Bd3 Nc6 9. h3 Nf5 10. Bc2 e6 11. O-O Nh4 12. Be3 Nxf3+ 13. Qxf3 f6 14. exf6 Bxf6 15. Qd1 Qb6 16. Na4 Qc7 17.
Re1 Qg7 18. Nc5 Nxd4 19. Bxd4 Bxd4 20. Nxe6 Bxe6 21. Rxe6 Rxf2 22. Kh1 Kh8 23. Bb3 Bxb2 24. Rb1 Rd8 25. Qe1 Rf7 26. Re8+ Rxe8 27.
Qxe8+ Rf8 28. Qe6 Bd4 29. Bxd5 b6 30.
Re1 Qc7 31. Bc4 Qg3 32. Qe7 Bc5 33. Qe4 a5 34. Qe2 h6 35. Qd2 Qf4 36. Qd3 Bd6 37. g3 Qf3+ 38. Qxf3 Rxf3 39. Kg2 Rxg3+ 40. Kf2 Rc3 41. Re6 Bc5+ 0-1

[Event "Campeonato de Aragón Individual Absoluto 2022"]
[Site "Zaragoza, Spain"]
[Date "2022.08.28"]
[Round "2.1"]
[White "Garza Marco, Sergio"]
[Black "Garcia Estruch, Jorge"]
[Result "1-0"]
[TimeControl "90 min + 30 sg"]
[WhiteElo "2408"]
[BlackElo "1740"]

1. d4 Nf6 2. c4 e5 3. dxe5 Ng4 4. Bf4 Nc6 5. Nf3 Bb4+ 6. Nbd2 Qe7 7. e3 Ngxe5 8. Nxe5 Nxe5 9. Be2 O-O 10.
O-O Bxd2 11. Qxd2 d6 12. b4 f6 13. Rac1 Be6 14. Qb2 b6 15. c5 bxc5 16. bxc5 Rab8 17. Qd4 Rfd8 18. cxd6 cxd6 19.
a4 Qb7 20. Rfd1 Qb2 21. Bb5 Qxd4 22. exd4 Nf7 23. Rc7 a5 24. Bd2 Ra8 25. Re1 Bd5 26. Ree7 Rdc8 27. Bxa5 Rxc7 28. Bxc7 Kf8 29.
Re3 g6 30. Rc3 Ra7 31. Bb6 Re7 32. Kf1 Ng5 33. f3 Nf7 34. a5 Rb7 35. Rc8+ Kg7 36. Ke2 g5 37. Kd3 h5 38. Bc4 Bxc4+ 39. Kxc4 1-0

[Event "Campeonato de Aragón Individual Absoluto 2022"]
[Site "Zaragoza, Spain"]
[Date "2022.08.28"]
[Round "2.2"]
[White "Vicente Gomez, Lorien"]
[Black "Glavina, Pablo"]
[Result "0-1"]
[TimeControl "90 min + 30 sg"]
[WhiteElo "1732"]
[BlackElo "2394"]

1. e4 c5 2. c3 d5 3. exd5 Qxd5 4. Nf3 g6 5. d4 Bg7 6. Be2 Nf6 7. h3 O-O 8. O-O Nc6 9. Be3 cxd4 10.
Nxd4 e5 11. Nxc6 Qxc6 12. Qc1 b5 13. Rd1 Bb7 14. Bf1 Nd5 15. Na3 a6 16. c4 Nxe3 17. Qxe3 b4 18. Nc2 a5 19. Rd2 f5 20.
Rad1 f4 21. Qd3 e4 22. Qd5+ Qxd5 23. cxd5 Bxb2 24. Re2 Rae8 25. Nxb4 Bc3 26. Nc6 e3 27. fxe3 fxe3 28. Ne7+ Rxe7 29.
d6 Ref7 30. Rc2 Rxf1+ 31. Rxf1 Rxf1+ 32. Kxf1 Ba6+ 0-1

[Event "Campeonato de Aragón Individual Absoluto 2022"]
[Site "Zaragoza, Spain"]
[Date "2022.08.28"]
[Round "2.3"]
[White "Quintin Navarro, Alberto"]
[Black "Perez Puyal, Jose Joaquin"]
[Result "1-0"]
[TimeControl "90 min + 30 sg"]
[WhiteElo "2372"]
[BlackElo "1723"]

1. e4 d5 2. exd5 Nf6 3. Bb5+ Nbd7 4. d4 a6 5. Bd3 Nxd5 6. Nf3 N7f6 7. c4 Nb6 8. h3 e6 9. O-O Be7 10.
Nc3 O-O 11. Qe2 Bd7 12. Rd1 Nc8 13. Bg5 Nd6 14. Rac1 Bc6 15. Ne5 Qe8 16. Bb1 Nd7 17. Qd3 f5 18. Bxe7 Qxe7 19. Nxc6 bxc6 20.
Re1 Qf7 21. Bc2 Nf6 22. Bb3 Nb7 23. Re5 Kh8 24. Qe2 Rae8 25. c5 Qd7 26. Rd1 Nd5 27. Qxa6 Nd8 28. Nxd5 exd5 29. Rde1 Rxe5 30.
Rxe5 Nf7 31. Re2 Re8 32. Ba4 Rxe2 33. Qxe2 h6 34. Bc2 g6 35. a4 Qd8 36. a5 Qb8 37. Ba4 Qb4 38. Bxc6 Qxd4 39.
Qe3 Qxb2 40. Bxd5 Kg7 41. Kh2 Qb8 42. g3 Qb2 43. a6 1-0

[Event "Campeonato de Aragón Individual Absoluto 2022"]
[Site "Zaragoza, Spain"]
[Date "2022.08.28"]
[Round "2.4"]
[White "Lorente Melcon, Nicolas"]
[Black "Vela Frago, Alberto"]
[Result "0-1"]
[TimeControl "90 min + 30 sg"]
[WhiteElo "1685"]
[BlackElo "2232"]

1. e4 c5 2. Nc3 g6 3. Bc4 Bg7 4. Qf3 e6 5. Nb5 d6 6. Qg3 Ke7 7. a4 a6 8. Nc3 Nc6 9. Nge2 Nb4 10.
Bb3 c4 11. Na2 Qa5 12. Nxb4 Qxb4 13. Ba2 Qxa4 14. c3 Nf6 15. f3 Nd7 16. d4 cxd3 17. Nf4 Qc2 18. O-O d2 19. Bxd2 Qxd2 20.
Rfd1 Qe3+ 21. Kh1 Be5 22. Qg5+ Ke8 23. Nxe6 Qxg5 24. Nxg5 Ke7 25. Nxf7 Rf8 26. Ng5 Nf6 27. Rd3 h6 28.
Nh3 Bxh3 29. gxh3 Nh5 30. h4 Nf4 31. Rd2 Rf6 0-1

[Event "Campeonato de Aragón Individual Absoluto 2022"]
[Site "Zaragoza, Spain"]
[Date "2022.08.28"]
[Round "2.5"]
[White "Ereza Vizcarra, Fernando"]
[Black "Nedov, Octavian"]
[Result "1-0"]
[TimeControl "90 min + 30 sg"]
[WhiteElo "2132"]
[BlackElo "1671"]

1. d4 Nf6 2. Nf3 b6 3. g3 Bb7 4. Bg2 e6 5. O-O c5 6. e3 d6 7. c4 Be7 8. Nc3 O-O 9. Qc2 Qc7 10.
b3 a6 11. Rd1 cxd4 12. exd4 Rc8 13. a4 h6 14. Bf4 Nh5 15. Be3 Nf6 16. h3 Nc6 17. Rac1 Rab8 18. Qe2 Na5 19. Qb2 Bf8 20.
d5 Be7 21. Nd2 Ba8 22. Qb1 Qd8 23. Qd3 Nd7 24. Qe2 Bf6 25. b4 Nb7 26. dxe6 fxe6 27. Nde4 Qc7 28. Qg4 Bxc3 29. Qxe6+ Kh8 30.
Rxc3 Re8 31. Qg4 Ne5 32. Qe2 Re6 33. f4 Nf7 34. f5 Ree8 35. f6 g6 36. Qd2 Kh7 37. Bf4 Rbd8 38. h4 Qd7 39. Qc2 Qf5 40. Rf1 Qe6 41. h5 Rg8 42. Kh2 Qg4 43. Bh3 Qxh5 44. g4 1-0

[Event "Campeonato de Aragón Individual Absoluto 2022"]
[Site "Zaragoza, Spain"]
[Date "2022.08.29"]
[Round "3.1"]
[White "Munoz Valles, Jorge"]
[Black "Garza Marco, Sergio"]
[Result "0-1"]
[TimeControl "90 min + 30 sg"]
[WhiteElo "1911"]
[BlackElo "2408"]

1. d4 g6 2. c4 Bg7 3. Nc3 c5 4. d5 Bxc3+ 5. bxc3 f5 6. g3 Nf6 7. Bg2 Qa5 8. Qc2 d6 9. Bd2 Nbd7 10.
Nf3 Nb6 11. Qd3 Qa4 12. Bg5 Ne4 13. O-O Qxc4 14. Qxc4 Nxc4 15. Rfc1 b6 16. Bf1 h6 17. Be3 Bb7 18. Rd1 Nxc3 19.
Rdc1 Nxe3 20. Rxc3 Nxd5 21. Rb3 e6 22. Nd2 O-O-O 23. a4 Nb4 24. a5 b5 25. a6 Bd5 26. Rb2 Kc7 27. e4 Bc6 28.
e5 dxe5 29. Nb3 Kb6 30. Nxc5 Kxc5 31. Rc1+ Kb6 32. Rxb4 Rd5 33. Bc4 Rd4 34. Rbb1 Bd7 35. Bf1 Rd8 36. Bg2 e4 37. Bf1 Bc6 38.
Be2 R8d6 39. Ra1 Rd2 40. Kf1 Rb2 0-1

[Event "Campeonato de Aragón Individual Absoluto 2022"]
[Site "Zaragoza, Spain"]
[Date "2022.08.29"]
[Round "3.2"]
[White "Glavina, Pablo"]
[Black "Gaspar Calvo, Luis Alberto"]
[Result "1-0"]
[TimeControl "90 min + 30 sg"]
[WhiteElo "2394"]
[BlackElo "1888"]

1. d4 Nf6 2. c4 g6 3. Nc3 Bg7 4. e4 d6 5. Be2 O-O 6. Bg5 c5 7. d5 b5 8. cxb5 a6 9. a4 axb5 10.
Bxb5 Ba6 11. Nge2 Bxb5 12. axb5 Rxa1 13. Qxa1 Nbd7 14. O-O h6 15. Bf4 Nb6 16. Qa7 g5 17. Bg3 Nh5 18. Ra1 Nxg3 19.
Nxg3 e6 20. Qb7 Qb8 21. Ra7 Qxb7 22. Rxb7 Nc4 23. b6 Nxb2 24. Nb5 Nc4 25. Nc7 exd5 26. exd5 Be5 27. Nf5 h5 28. g3 g4 29.
Kg2 Kh8 30. h3 Bd4 31. hxg4 hxg4 32. Nb5 Be5 33. Nh6 f5 34. Nc7 Nxb6 35. Ne6 Rf6 36. Nf7+ Rxf7 37. Rxf7 Nxd5 38. Nxc5 f4 39.
Nd3 f3+ 40. Kf1 Bg7 41. Nf4 Nf6 42. Ne6 1-0

[Event "Campeonato de Aragón Individual Absoluto 2022"]
[Site "Zaragoza, Spain"]
[Date "2022.08.29"]
[Round "3.3"]
[White "Ruiz Fernandez, Daniel"]
[Black "Quintin Navarro, Alberto"]
[Result "0-1"]
[TimeControl "90 min + 30 sg"]
[WhiteElo "1837"]
[BlackElo "2372"]

1. Nf3 d5 2. c4 e6 3. g3 Nf6 4. Bg2 Be7 5. d4 O-O 6. Qc2 b6 7. O-O dxc4 8. Qxc4 Ba6 9. Qc2 Nbd7 10.
Rd1 c5 11. Nc3 Bb7 12. e4 cxd4 13. Nxd4 Qc8 14. Bg5 a6 15. Qe2 h6 16. Bxf6 Bxf6 17. Rac1 Bxd4 18. Rxd4 Rd8 19. Rcd1 Kf8 20.
Qd2 Ke8 21. Rd6 Ne5 22. Rxd8+ Qxd8 23. Qxd8+ Rxd8 24. Rxd8+ Kxd8 25. Kf1 g5 26. f3 f5 27. Ke2 f4 28. gxf4 gxf4 29. b3 Kd7 30.
Kd2 Kd6 31. Ne2 Ng6 32. Bh3 e5 33. Nc1 Nh4 34. Bg4 Bc6 35. Nd3 Be8 36. Ke2 h5 37. Bc8 Bb5 38. a4 Bxd3+ 39. Kxd3 Nxf3 40.
Bxa6 Nxh2 41. Bc8 Kc5 42. Kc3 f3 43. b4+ Kc6 44. a5 f2 45. Bh3 bxa5 46. Kd4 0-1

[Event "Campeonato de Aragón Individual Absoluto 2022"]
[Site "Zaragoza, Spain"]
[Date "2022.08.29"]
[Round "3.4"]
[White "Vela Frago, Alberto"]
[Black "Moya Gimeno, Raul"]
[Result "1/2-1/2"]
[TimeControl "90 min + 30 sg"]
[WhiteElo "2232"]
[BlackElo "1885"]

1. d4 Nf6 2. Nf3 g6 3. c4 Bg7 4. Nc3 O-O 5. e4 d6 6. Be2 e5 7. d5 a5 8. Bg5 h6 9. Be3 Ng4 10.
Bd2 f5 11. h3 Nf6 12. exf5 gxf5 13. g4 Ne4 14. Nxe4 fxe4 15. Nh2 Qh4 16. Be3 Na6 17. Nf1 Nc5 18. Ng3 Bd7 19. Qd2 a4 20.
O-O-O b5 21. cxb5 Rab8 22. Bxc5 dxc5 23. Nxe4 Bxb5 24. d6 cxd6 25. Bxb5 Rxb5 26. Nxd6 Rbb8 27. Nf5 Qf6 28. Rhe1 a3 29.
b3 e4 30. Qc2 Rbd8 31. Rxd8 Rxd8 32. Nxg7 Qa1+ 33. Qb1 Qc3+
1/2-1/2

[Event "Campeonato de Aragón Individual Absoluto 2022"]
[Site "Zaragoza, Spain"]
[Date "2022.08.29"]
[Round "3.5"]
[White "Sanjuan Segura, Ignacio"]
[Black "Ereza Vizcarra, Fernando"]
[Result "0-1"]
[TimeControl "90 min + 30 sg"]
[WhiteElo "1815"]
[BlackElo "2132"]

1. Nf3 c5 2. b3 Nf6 3. Bb2 g6 4. c4 Bg7 5. g3 O-O 6. Bg2 Nc6 7. O-O d6 8. d3 Bd7 9. Nc3 Qc8 10.
Qc2 Bh3 11. e4 Bxg2 12. Kxg2 a6 13. a3 Rb8 14. Nd5 b5 15. Rab1 Qb7 16. Bxf6 exf6 17. b4 Ne7 18. Nxe7+ Qxe7 19.
a4 cxb4 20. axb5 a5 21. Nd4 Qc7 22. Nc6 Ra8 23. d4 Qb7 24. Kg1 Rfc8 25. Qa4 Re8 26. Rfe1 Qb6 27. Rbd1 f5 28. e5 dxe5 29. dxe5 Qc5 30.
Qb3 Bf8 31. Rd5 Qb6 32. Qb2 Bc5 33. Rd7 Re6 34. Red1 a4 35. Rd8+ Rxd8 36. Rxd8+ Kg7 37. Rb8 a3 38. Qb3 Qc7 39.
Ra8 Rxc6 40. bxc6 Qxc6 41. Rd8 Bxf2+ 42. Kxf2 Qb6+ 43. c5 Qxd8 44. Qxb4 Qd3 45. e6 fxe6 46. c6 Qc2+ 47. Kg1 Qc1+ 48.
Kf2 Qc2+ 49. Kg1 Qxc6 0-1

[Event "Campeonato de Aragón Individual Absoluto 2022"]
[Site "Zaragoza, Spain"]
[Date "2022.08.30"]
[Round "4.1"]
[White "Garza Marco, Sergio"]
[Black "Antonano Fernandez-Quincoces, Avelino"]
[Result "1-0"]
[TimeControl "90 min + 30 sg"]
[WhiteElo "2408"]
[BlackElo "1981"]

1. d4 Nf6 2. c4 e6 3. Nc3 Bb4 4.
e3 c5 5.
Nf3 Bxc3+ 6. bxc3 d6 7. Bd3 Nc6 8. Nd2 e5 9. O-O O-O 10. d5 Ne7 11. Rb1 b6 12. f3 Bf5 13. e4 Bd7 14. Re1 Nh5 15. g3 g6 16.
Nf1 f6 17. Bh6 Rf7 18. Rb2 Ng7 19. f4 Kh8 20. fxe5 fxe5 21. Bg5 Qf8 22. Ne3 Ng8 23. Ng4 Bxg4 24. Qxg4 Qc8 25. Qxc8 Rxc8 26. a4 h6 27. Be3 Kh7 28.
Kg2 Rcf8 29. a5 bxa5 30. Ra2 Ne7 31. Be2 Nc8 32. Rxa5 h5 33. Rb1 Nb6 34. Rba1 Nc8 35. g4 Rb7 36.
Rb5 Rff7 37. h3 Nb6 38. Kg3 Rb8 39. Kh4 Rh8 40. Rba5 Nc8 41. Kg3 Rhf8 42. Ra6 Rb7 43. R6a2 Rff7 44.
Kh4 Nb6 45. Rb2 Nc8 46. Rb5 Nb6 47. Ra6 Rbd7 48. Kg3 Rf8 49. Rba5 Nc8 50. Rc6 Ne7 51. Rca6 Nc8 52. Bg5 Rff7 53.
Rc6 Nb6 54. Ra1 Kg8 55. Bh6 Kh7 56. Be3 Kg8 57. Kh4 Kh7 58. Kg5 Rf8 59. Kh4 Rc8 60. Rxc8 Nxc8 61. Bg5 Nb6 62. Bf6 Ne8 63.
Bg5 Ng7 64. Kg3 Nc8 65. Kf3 Nb6 66. Ke3 Nc8 67. Kd3 Nb6 68. Be3 Kg8 69. Ra5 Rc7 70. Bd1 Kh7 71. Bg5 Rd7 72. Ra2 Kg8 73.
Rg2 Rf7 74. gxh5 gxh5 75. Bd8 Kf8 76. Rg6 Rd7 77. Bxb6 axb6 78. Rh6 Kg8 79. Kc2 Kf7 80. Kb3 Ke7 81. Bxh5 Nxh5 82. Rxh5 Kf6 83.
Ka4 Kg6 84. Rf5 Rh7 85. Rf3 Rh4 86. Re3 Kg5 87. Rg3+ Kf4 88. Rg6 Kxe4 89. Kb5 Kd3 90. Rxd6 e4 91. Re6 e3 92. d6 Rh7 93.
Kxb6 e2 94. Kxc5 1-0

[Event "Campeonato de Aragón Individual Absoluto 2022"]
[Site "Zaragoza, Spain"]
[Date "2022.08.30"]
[Round "4.2"]
[White "Lorente Melcon, Maximo"]
[Black "Glavina, Pablo"]
[Result "0-1"]
[TimeControl "90 min + 30 sg"]
[WhiteElo "1851"]
[BlackElo "2394"]

1. e4 Nf6 2. e5 Nd5 3. d4 d6 4.
Nf3 Bg4 5. Bc4 dxe5 6. dxe5 e6 7.
O-O Nc6 8. Re1 Nde7 9. Qxd8+ Rxd8 10. Bb5 Bxf3 11. gxf3 a6 12. Bxc6+ Nxc6 13. Bg5 Be7 14. Bxe7 Kxe7 15. c3 g5 16.
Na3 Rd5 17. Nc4 b5 18. Ne3 Rd2 19. b3 Nxe5 20. Kg2 Nd3 21. Red1 Rd8 22. Rxd2 Nf4+ 23. Kf1 Rxd2 24. a4 Rb2 25.
axb5 axb5 26. Ra7 0-1

[Event "Campeonato de Aragón Individual Absoluto 2022"]
[Site "Zaragoza, Spain"]
[Date "2022.08.30"]
[Round "4.3"]
[White "Quintin Navarro, Alberto"]
[Black "Miranda Herrera, Miguel"]
[Result "1-0"]
[TimeControl "90 min + 30 sg"]
[WhiteElo "2372"]
[BlackElo "1974"]

1. c4 e6 2. Nf3 d5 3. d4 a6 4. Bg5 Be7 5. Bxe7 Qxe7 6. Nbd2 Nf6 7. g3 Nbd7 8. Bg2 c5 9. O-O O-O 10.
cxd5 exd5 11. dxc5 Nxc5 12. Rc1 Bg4 13. h3 Bh5 14. Nd4 Nce4 15. Nxe4 dxe4 16. Qb3 Rfd8 17. e3 Rac8 18. Rc2 Rc7 19.
Rfc1 Rdc8 20. Nf5 Qd7 21. Rxc7 Rxc7 22. Rxc7 Qxc7 23. Qb4 Bf3 24. Ne7+ Kh8 25. Nd5 Qd8 26. Nxf6 gxf6 27. Bxf3 exf3 28.
Qd4 Qe7 29. Qf4 Qe5 30. Qxe5 fxe5 31. g4 h5 32. gxh5 Kg7 33. Kh2 Kh6 34. Kg3 Kxh5 35. Kxf3 Kh4 36. Ke4 f6 37. Kf5 Kxh3 38.
Kxf6 1-0

[Event "Campeonato de Aragón Individual Absoluto 2022"]
[Site "Zaragoza, Spain"]
[Date "2022.08.30"]
[Round "4.4"]
[White "Ereza Vizcarra, Fernando"]
[Black "Olivan Lopez, Dario"]
[Result "1-0"]
[TimeControl "90 min + 30 sg"]
[WhiteElo "2132"]
[BlackElo "1768"]

1. d4 Nf6 2. Nf3 e6 3. g3 b6 4. Bg2 Bb7 5. O-O d5 6. c4 Nbd7 7. Nc3 Bb4 8. Bg5 O-O 9. Ne5 Be7 10.
Rc1 Nxe5 11. dxe5 Nd7 12. Bxe7 Qxe7 13. cxd5 exd5 14. Nxd5 Bxd5 15. Qxd5 Nxe5 16. Qb7 Rac8 17. Qxa7 Qb4 18.
b3 c5 19. Rfd1 Rfe8 20. Bd5 Rf8 21. h3 b5 22. a3 Nc6 23. Bxc6 Qxb3 24. Qxc5 Rc7 25. Qxb5 Qxa3 26. Ra1 Qc3 27.
Bf3 Rcc8 28. Ra7 Rc5 29. Qd3 Qf6 30. Rd7 Rc3 31. Qd4 1-0

[Event "Campeonato de Aragón Individual Absoluto 2022"]
[Site "Zaragoza, Spain"]
[Date "2022.08.30"]
[Round "4.5"]
[White "Tiestos Sanchez, Javier"]
[Black "Vela Frago, Alberto"]
[Result "0-1"]
[TimeControl "90 min + 30 sg"]
[WhiteElo "1597"]
[BlackElo "2232"]

1. d4 Nf6 2. Nf3 e6 3. c4 d5 4. Nc3 Be7 5. Bg5 Nbd7 6. e3 O-O 7. cxd5 exd5 8. Bd3 h6 9. Bh4 Re8 10.
h3 a6 11. O-O b6 12. Rc1 Bb7 13. Qc2 Nh5 14. Bxe7 Qxe7 15. Ne2 Rac8 16. Qa4 Nhf6 17. Rc2 c5 18. dxc5 bxc5 19. Nd2 g6 20.
Rc3 d4 21. exd4 Nd5 22. Rb3 Nb4 23. Ng3 Bd5 24. Rc3 Nxa2 25. Rc2 Nb4 26. Rc3 Bc6 27. Qa3 cxd4 28. Rcc1 Nxd3 29. Qxd3 Bb5 30. Nc4 Bxc4 31. Rxc4 Ne5 32.
Re1 Rxc4 0-1

[Event "Campeonato de Aragón Individual Absoluto 2022"]
[Site "Zaragoza, Spain"]
[Date "2022.08.31"]
[Round "5.1"]
[White "Quintin Navarro, Alberto"]
[Black "Garza Marco, Sergio"]
[Result "0-1"]
[TimeControl "90 min + 30 sg"]
[WhiteElo "2372"]
[BlackElo "2408"]

1. d4 Nf6 2. Nf3 e6 3. c4 Bb4+ 4. Bd2 a5 5. Nc3 b6 6. e3 Bb7 7. Bd3 O-O 8. Qc2 d5 9. cxd5 exd5 10.
O-O Nbd7 11. a3 Bxc3 12. bxc3 Ne4 13. Be1 Qe7 14. Nd2 Nef6 15. Nf3 Ne4 16. g3 Qe6 17. Nh4 Ba6 18. f3 Bxd3 19.
Qxd3 Nd6 20. Ng2 g5 21. Bd2 Rae8 22. Rae1 Qg6 23. Qxg6+ fxg6 24. h4 gxh4 25. gxh4 c6 26. Kh2 b5 27.
Nf4 Nb6 28. Rg1 Kh8 29. Bc1 Rf6 30. Rg4 Na4 31. e4 dxe4 32. fxe4 Rxe4 33. Rxe4 Nxe4 34. Nxg6+ hxg6 35. Rxe4 Nxc3 36.
Re8+ Kg7 37. Bg5 Kf7 38. Rd8 Rf2+ 39. Kh3 Ne4 40. Rc8 Rc2 41. Kg4 Rc3 42. Kf4 Nxg5 43. Kxg5 Ke6 44. Kxg6 Rg3 45.
Kh7 Kd5 46. a4 bxa4 47. Ra8 Kc4 48. Rxa5 Kb4 49. Ra6 Kb5 50. Ra8 Rh3 51. Rb8+ Kc4 52. Ra8 Rxh4+ 53. Kg6 Kb4 54. Rb8+ Kc3 0-1

[Event "Campeonato de Aragón Individual Absoluto 2022"]
[Site "Zaragoza, Spain"]
[Date "2022.08.31"]
[Round "5.2"]
[White "Glavina, Pablo"]
[Black "Ereza Vizcarra, Fernando"]
[Result "1/2-1/2"]
[TimeControl "90 min + 30 sg"]
[WhiteElo "2394"]
[BlackElo "2132"]

1. d4 d6 2. e4 Nf6 3. Nc3 e5 4. Nf3 Nbd7 5. Bc4 Be7 6. O-O O-O 7. Re1 c6 8. a4 a5 9. h3 Nb6 10.
Bf1 Nfd7 11. Ne2 exd4 12. Nexd4 Nc5 13. b3 Bf6 14. Ba3 Nbd7 15. Nf5 Ne5 16. Nxe5 Bxe5 17. Rb1 Nxe4 18. Nh6+ gxh6 19.
Rxe4 Bf5 20. Re3 Qf6 21. Bd3 Bg6 22. Rf3 Qg7 23. Bxg6 hxg6 24. Bxd6 Rad8 25. Rd3 Bxd6 26. Rxd6 Rxd6 27.
Qxd6 Qc3 1/2-1/2

[Event "Campeonato de Aragón Individual Absoluto 2022"]
[Site "Zaragoza, Spain"]
[Date "2022.08.31"]
[Round "5.3"]
[White "Vela Frago, Alberto"]
[Black "Villalba Embid, Marcos"]
[Result "1-0"]
[TimeControl "90 min + 30 sg"]
[WhiteElo "2232"]
[BlackElo "2089"]

1. d4 f5 2. g3 Nf6 3. Bg2 g6 4. c4 Bg7 5. Nf3 d6 6. Nc3 O-O 7. O-O c6 8. Qc2 Qe8 9. b3 a5 10.
Bb2 Na6 11. Rad1 e5 12. dxe5 dxe5 13. Na4 Nb4 14. Qb1 Nd7 15. e4 Qe7 16. exf5 gxf5 17. Rfe1 e4 18. Bxg7 Qxg7 19. Nd4 Qg6 20.
Ne2 Qf6 21. Nf4 b5 22. Nb2 Ne5 23. a3 Na6 24. cxb5 cxb5 25. Rd5 Rb8 26. Red1 Nc7 27. Rd6 Qf7 28. Qc2 Ne6 29. Qc3 Nxf4 30.
Qxe5 Nxg2 31. Kxg2 Qg7 32. Qxg7+ Kxg7 33. Rc1 Rb7 34. Nd1 f4 35. gxf4 Bg4 36. Ne3 Bf3+ 37. Kg3 Rf6 38. Rxf6 Kxf6 39.
Rc6+ Kf7 40. Rh6 Kg8 41. f5 b4 42. a4 Rd7 43. Nc4 Bd1 44. Nxa5 Bxb3 45. Nxb3 Rd3+ 46. Kf4 Rxb3 47. Kxe4 Ra3 48.
Ra6 Ra2 49. Kf3 b3 50. Rb6 b2 51. Kg3 Ra3+ 52. f3 Ra2 53. Rb7 Kf8 54. f4 Rxa4 55. Rxb2 Ra6 56. Kg4 Kg7 57. Kg5 h6+ 58.
Kg4 Kf6 59. Rb5 Ra2 60. Rb6+ Kg7 61.
f6+ Kf7 62. h4 Ra5 63. h5 Ra7 64. Rd6 Rb7 65. Kf3 Rb3+ 66. Ke4 Rb5 67. Rd5 Rxd5 68. Kxd5 Kxf6 69. Ke4 Ke6 70. f5+ Kf6 71.
Kf4 Kf7 72. Ke5 Ke7 73. f6+ Kf7 74. Kf5 Kf8 75. Kg6 Kg8 76. Kxh6 Kf7 77. Kg5 Kg8 78. Kg6 Kf8 79. f7 1-0

[Event "Campeonato de Aragón Individual Absoluto 2022"]
[Site "Zaragoza, Spain"]
[Date "2022.08.31"]
[Round "5.4"]
[White "Ruiz Fernandez, Daniel"]
[Black "Galstyan, David"]
[Result "0-1"]
[TimeControl "90 min + 30 sg"]
[WhiteElo "1837"]
[BlackElo "2035"]

1. Nf3 e6 2. d4 Nf6 3. c4 Bb4+ 4. Bd2 a5 5. g3 O-O 6. Bg2 d6 7. O-O Bxd2 8. Qxd2 Nc6 9. Rd1 Qe7 10.
Nc3 e5 11. d5 Nb8 12. Qc2 Na6 13. a3 Bd7 14. e4 Nh5 15. Ne1 g6 16. Nd3 f5 17. exf5 Bxf5 18. Qe2 Rae8 19. Ne4 Nf6 20.
b4 axb4 21. axb4 Nxe4 22. Bxe4 Bxe4 23. Qxe4 Qf6 24. Kg2 Qf5 25. Qxf5 Rxf5 26. b5 Nc5 27. Nxc5 dxc5 28. Ra7 Rb8 29.
Re1 h5 30. f3 Kf7 31. Re4 Kf6 32. Kf2 Ke7 33. Ke3 Kd6 34. h4 g5 35. hxg5 Rxg5 36. Rh4 Rf8 37. Rh3 b6 38. Ra2 Rfg8 39.
Rg2 Ra8 40. Rgh2 Ra3+ 41. Ke4 Rc3 42. Rxh5 Rxc4+ 43. Kd3 Rd4+ 44. Ke3 Rxg3 45. Rh6+ Kxd5 46. Rc6 e4 47. Rf2 Rxf3+ 48. Rxf3 Rd3+ 49. Kd4+ 0-1

[Event "Campeonato de Aragón Individual Absoluto 2022"]
[Site "Zaragoza, Spain"]
[Date "2022.08.31"]
[Round "5.5"]
[White "Jimenez Fernandez, Alejandro"]
[Black "Lorente Melcon, Maximo"]
[Result "1/2-1/2"]
[TimeControl "90 min + 30 sg"]
[WhiteElo "1982"]
[BlackElo "1851"]

1. d4 Nf6 2. Nf3 e6 3. c4 Bb4+ 4.
Nbd2 b6 5. g3 Bb7 6. Bg2 O-O 7. O-O Be7 8. b3 d5 9. cxd5 exd5 10. Bb2 Nbd7 11. Rc1 c5 12. dxc5 Bxc5 13. Nd4 g6 14.
N2f3 Rc8 15. a3 Re8 16. b4 Bf8 17. Qb3 Qe7 18. e3 Ne4 19. Rfd1 Bg7 20. Nb5 a6 21. Bxg7 Rxc1 22. Rxc1 Kxg7 23. Rc7 Rb8 24. Nbd4 Qd6 25.
Qb2 Kg8 26. Rc2 b5 27. Nd2 Nb6 28. Qc1 Nxd2 29. Rxd2 Nc4 30. Rd3 Rc8 31. Qa1 Qf6 32. Bh3 Rc7 33. Bg2 h5 34. h4 Rc8 35. Qa2 Qb6 36. Ne2 Rd8 37.
Qa1 Qc7 38. Nf4 Ne5 39. Rd2 Rc8 40. Nxd5 Qc1+ 41. Rd1 Qxa1 42. Rxa1 Bxd5 43. Bxd5 Rd8 44. Bb7 Rd6 45. Kf1 Nc4 46.
Ke2 Rd2+ 47. Kf3 Rd6 48. Ra2 Kf8 49. Ke2 Ke7 50. Be4 Ke6 51. Bd3 Ne5 52. Rd2 f5 53. f4 Nxd3 54. Rxd3 Rc6 55. Kd2 Rc7 56. Rd8 Rc6 57. Rd3 Rc7 58.
Rc3 Rd7+ 59. Kc2 Rd6 60. Rd3 Rc6+ 61. Kb2 Kf6 62. Kb3 Ke6 63. Rd1 Rc4 64. a4 Re4 65. Rd3 a5 66. bxa5 Rxa4 67. Rd2 Rxa5 68. Kb4
Ra1 69. Rg2 Rb1+ 70. Kc5 1/2-1/2